 Dungeon Crawl Stone Soup version 0.22-a0-362-g535178c (webtiles) character file.

2353 Impy the Fighter (level 9, -16/151 HPs)
             Began as an Ogre Wizard on Apr 19, 2018.
             Was a Follower of Okawaru.
             Demolished by a two-headed ogre
             ... wielding a +0 giant club
              (20 damage)
             ... on level 8 of the Dungeon.
             The game lasted 00:39:00 (7821 turns).

Impy the Fighter (Ogre Wizard)                      Turns: 7821, Time: 00:39:02

Health: -16/151    AC: 24    Str: 12 (13) XL:     9   Next: 43%
Magic:  18/25      EV:  1    Int: 21 (22) God:    Okawaru [*.....]
Gold:   52         SH:  0    Dex: 11 (12) Spells: 10/18 levels left

rFire    + . .     SeeInvis .   h - +0 giant club (freeze)
rCold    . . .     Gourm    .   (shield currently unavailable)
rNeg     + + +     Faith    .   (armour currently unavailable)
rPois    +         Spirit   .   (helmet currently unavailable)
rElec    .         Reflect  .   (cloak currently unavailable)
rCorr    .         Harm     .   (gloves unavailable)
MR       .....     NoTele   +   (boots unavailable)
Stlth    ++........             A - amulet of Foneech {+Inv rF+ Regen+}
HPRegen  0.75/turn              p - +5 ring of dexterity
MPRegen  0.19/turn              w - ring of magical power

@: tree-form, very slightly contaminated
A: large, unfitting armour
a: Heroism, Renounce Religion, Evoke Invisibility


You were on level 8 of the Dungeon.
You worshipped Okawaru.
Okawaru was aware of your devotion.
You were not hungry.
You were a tree.
You visited 2 branches of the dungeon, and saw 9 of its levels.

You collected 428 gold pieces.
You spent 376 gold pieces at shops.

Inventory:

Hand Weapons
 e - a +2 short sword of venom
 h - a +0 giant club of freezing (weapon)
 k - a +1 short sword of electrocution
 v - the +7 short sword of the Lame Duck {pierce, rElec MR+ Str+2, unknown}
   (You found it on level 6 of the Dungeon)

   It inflicts extra damage upon your enemies.
   It affects your strength (+2).
   It insulates you from electricity.
   It affects your resistance to hostile enchantments.
Armour
 b - a +1 hat (melded)
 q - a +0 robe of magic resistance (melded)
 s - a +2 cloak of invisibility (melded)
Jewellery
 p - a +5 ring of dexterity (left branch)
 w - a ring of magical power (right branch)
 y - a +4 ring of dexterity
 A - the amulet of Foneech (around neck) {+Inv rF+ Regen+}
   (You bought it in a shop on level 7 of the Dungeon)

   [amulet of regeneration]

   It protects you from fire.
   It lets you turn invisible.
   It increases your rate of regeneration.
Wands
 c - a wand of random effects (44)
Scrolls
 a - a scroll of fog
 g - 2 scrolls of magic mapping
 j - 4 scrolls of remove curse
 t - a scroll of teleportation
 x - 3 scrolls of identify
Potions
 f - 2 potions of brilliance
 i - a potion of lignification
 l - a potion of degeneration
 m - a potion of curing {unknown}
 n - a potion of cancellation {unknown}
 o - a potion of resistance {unknown}
 r - a potion of haste
 u - a potion of flight
Comestibles
 d - 13 rations


   Skills:
 + Level 9.7 Fighting
 + Level 6.7 Maces & Flails
 - Level 1.7 Dodging
 - Level 1.4 Stealth
 - Level 5.0 Spellcasting
 - Level 5.0 Conjurations
 - Level 0.8 Summonings
   Level 0.8 Translocations


You had 10 spell levels left.
You knew the following spells:

 Your Spells              Type           Power        Failure   Level  Hunger
a - Magic Dart            Conj           ####         1%          1    None
b - Call Imp              Summ           #.......     12%         2    None
c - Mephitic Cloud        Conj/Pois/Air  ##......     16%         3    ##.....
d - Slow                  Hex            #.......     16%         2    None


Dungeon Overview and Level Annotations

Branches:
Dungeon (8/15)             Temple (1/1) D:6
   Lair: D:8-11

Altars:
Ashenzari
Dithmenos
Hepliaklqana
Kikubaaqudgha
Makhleb
Nemelex Xobeh
Okawaru
Qazlal
Ru
Sif Muna
Uskayaw
Wu Jian
Xom
Yredelemnul
Zin
The Shining One

Shops:
D:4 :   D:6 [   D:7 [**:


Innate Abilities, Weirdness & Mutations

You are too large for most types of armour.
((You have tough skin. (AC +1)))


Message History

The ball explodes into a vile cloud!
The stinking cloud engulfs the two-headed ogre.
The two-headed ogre is heavily wounded.
The two-headed ogre barely misses you.
The two-headed ogre hits you with a giant club!!
* * * LOW HITPOINT WARNING * * *
Okay, then.
Okay, then.
Okay, then.
It was a potion of degeneration.
There was something very wrong with that liquid.
You feel weakened.
You feel dopey.
You feel clumsy.
You turn into a tree.
Your +2 cloak of invisibility melds into your body.
Your +1 hat melds into your body.
Your +0 robe of magic resistance melds into your body.
You feel less resistant to hostile enchantments.
Your roots penetrate the ground.
The two-headed ogre hits you with a giant club!!
You die...

##### ...#
#####..##
#<..#...#
#.#.....#
.<.#.....#
#.#####...# #.
#...#.####.##.#
#
#.#.#.♣O.§....#
.........§..####
##.##.#####§.#
.....# .....
##.#### .### #
.# #


You could see a two-headed ogre.

Vanquished Creatures
  Eustachio (D:6)
  Duvessa (D:6)
  An orc warrior (D:7)
  2 sky beasts
  An ice beast (D:4)
  The ghost of VDreamerV the Changer, an amateur NaTm (D:3)
  2 ogres
  2 centaurs
  Dowan (D:6)
  A scorpion (D:7)
  4 killer bees
  A howler monkey (D:5)
  A bullfrog zombie (D:6)
  A crimson imp (D:7)
  A centaur skeleton (D:7)
  2 orc wizards (D:6)
  3 hounds
  A jelly (D:7)
  2 orc priests (D:7)
  A bullfrog skeleton (D:5)
  2 iguanas
  7 worker ants
  A hound zombie (D:7)
  A howler monkey zombie (D:6)
  4 gnolls
  3 adders
  2 shadow imps
  2 leopard geckos (D:1)
  5 orcs (D:7)
  2 bats
  7 giant cockroaches
  11 goblins
  5 hobgoblins
  3 jackals (D:7)
  4 kobolds
  3 quokkas
  3 ball pythons
  A ball python skeleton (D:6)
  4 frilled lizards
  A jackal zombie (D:5)
  9 rats
110 creatures vanquished.

Vanquished Creatures (collateral kills)
  The ghost of Soeti the Insei, an amateur DgTm (D:4)
  An ogre (D:5)
  Blork the orc (D:4)
  A crimson imp (D:5)
  An iguana (D:4)
  3 worker ants
  Robin (D:2)
  4 gnolls
  A howler monkey skeleton (D:4)
  A worker ant zombie (D:2)
  3 adders
  A shadow imp (D:5)
  5 oozes (D:1)
  A leopard gecko (D:1)
  6 orcs
  2 giant cockroaches (D:1)
  7 goblins
  2 jackals
  A frilled lizard (D:4)
  2 kobolds
  3 rats
48 creatures vanquished.

Vanquished Creatures (others)
  5 dream sheep (D:4)
5 creatures vanquished.

Grand Total: 163 creatures vanquished

Notes
Turn   | Place    | Note
-------+----------+-------------------------------------------
     0 | D:1      | Impy the Ogre Wizard began the quest for the Orb.
     0 | D:1      | Reached XP level 1. HP: 16/16 MP: 5/5
     1 | D:1      | Found a runed door.
    25 | D:1      | Reached skill level 1 in Conjurations
   103 | D:1      | Reached XP level 2. HP: 15/24 MP: 0/6
   156 | D:1      | Learned a level 2 spell: Call Imp
   415 | D:1      | Reached XP level 3. HP: 21/31 MP: 2/8
   559 | D:1      | Learned a level 3 spell: Mephitic Cloud
  1484 | D:2      | Reached XP level 4. HP: 17/39 MP: 8/10
  1740 | D:2      | Noticed Robin
  1966 | D:2      | Killed Robin
  2249 | D:2      | Found an ancient bone altar of Kikubaaqudgha.
  2290 | D:2      | Reached skill level 5 in Spellcasting
  2377 | D:2      | Found a glowing silver altar of Zin.
  2606 | D:3      | Found a hide-covered altar of Uskayaw.
  2647 | D:3      | Noticed VDreamerV's ghost (amateur NaTm)
  2657 | D:3      | Killed VDreamerV's ghost
  2657 | D:3      | Reached skill level 2 in Fighting
  2657 | D:3      | Reached skill level 1 in Maces & Flails
  2657 | D:3      | Reached XP level 5. HP: 41/49 MP: 7/12
  2772 | D:3      | Found a sacrificial altar of Ru.
  3037 | D:4      | Noticed Soeti's ghost (amateur DgTm)
  3053 | D:4      | Killed Soeti's ghost
  3053 | D:4      | Reached skill level 3 in Fighting
  3053 | D:4      | Reached XP level 6. HP: 36/61 MP: 2/13
  3522 | D:4      | Found Usmoaj's Book Shop.
  3579 | D:4      | Noticed an ice beast
  3585 | D:4      | Reached XP level 7. HP: 38/68 MP: 2/14
  3602 | D:4      | Reached skill level 4 in Fighting
  3726 | D:4      | Noticed Blork the orc
  3737 | D:4      | Killed Blork the orc
  3870 | D:4      | Found a shimmering altar of Xom.
  3870 | D:4      | Noticed a dream sheep
  3870 | D:4      | Noticed a dream sheep
  3870 | D:4      | Noticed a dream sheep
  3870 | D:4      | Noticed a dream sheep
  3870 | D:4      | Noticed a dream sheep
  3875 | D:4      | Killed a dream sheep
  3876 | D:4      | Killed a dream sheep
  3876 | D:4      | Killed a dream sheep
  3877 | D:4      | Killed a dream sheep
  3877 | D:4      | Killed a dream sheep
  4154 | D:5      | Entered Level 5 of the Dungeon
  4277 | D:5      | Found a shadowy altar of Dithmenos.
  4306 | D:5      | Reached skill level 5 in Fighting
  4621 | D:5      | Reached XP level 8. HP: 43/81 MP: 7/15
  4790 | D:5      | Learned a level 2 spell: Slow
  5036 | D:6      | Found Dounar's Antique Armour Emporium.
  5042 | D:6      | Reached skill level 5 in Conjurations
  5048 | D:6      | Bought a runed robe for 81 gold pieces
  5048 | D:6      | Bought an embroidered cloak for 165 gold pieces
  5402 | D:6      | Reached skill level 6 in Fighting
  5938 | D:6      | Reached skill level 7 in Fighting
  5964 | D:6      | Found a staircase to the Ecumenical Temple.
  5969 | Temple   | Entered the Ecumenical Temple
  5986 | Temple   | Became a worshipper of Warmaster Okawaru
  6026 | D:6      | Noticed Dowan
  6071 | D:6      | Noticed Duvessa
  6076 | D:6      | Killed Duvessa
  6076 | D:6      | Reached skill level 5 in Maces & Flails
  6090 | D:6      | Killed Dowan
  6203 | D:6      | Got a dazzling short sword
  6414 | D:6      | Noticed Eustachio
  6425 | D:6      | Killed Eustachio
  6425 | D:6      | Reached skill level 8 in Fighting
  6712 | D:7      | Noticed a hippogriff
  6783 | D:7      | Found Tacsel's Book Shoppe.
  6818 | D:6      | Reached XP level 9. HP: 57/97 MP: 0/16
  7103 | D:7      | Found a basalt altar of Yredelemnul.
  7143 | D:7      | Reached skill level 9 in Fighting
  7293 | D:7      | Found Ishri's Assorted Antiques.
  7302 | D:7      | Bought a clouded iron amulet for 130 gold pieces
  7303 | D:7      | Identified the amulet of Foneech {+Inv rF+ Regen+} (You bought it in a shop on level 7 of the Dungeon)
  7343 | D:7      | Reached * piety under Okawaru
  7505 | D:7      | Found Defote Cuto's Assorted Antiques.
  7591 | D:7      | Found Cuvev's Antique Armour Emporium.
  7804 | D:8      | Noticed a two-headed ogre
  7819 | D:8      | HP: 2/101 [two-headed ogre/giant club (22)]
  7821 | D:8      | Demolished by a two-headed ogre

Vault maps used:
D:1:      dpeg_arrival_caged_fury, minmay_unequal
D:2:      zin_treasury, kiku_gazebo_garden_becter, serial_glass,
          glass_columns_a, glass_columns_a, uniq_robin
D:3:      eat_drink_and_be_merry_uskayaw, lemuel_coloured_pillars_altar
D:4:      serial_shops, nicolae_shop_waterfront, kb_xom_exploding_sheep,
          uniq_blork_the_orc
D:5:      first_ration, nicolae_dithmenos_shadow_blocks
D:6:      temple_doors_e, serial_shops, shop, uniq_duvessa, uniq_eustachio
D:7:      lemuel_doored_altar, serial_shops, nicolae_shop_statue_plus,
          shop_fountains, shop, shop
D:8:      nicolae_overflow_crystal_walls, grunt_livestock,
          minmay_misc_feat_ornament
Temple:   zaba_magenta_temple

Skill      XL: |  1  2  3  4  5  6  7  8  9 |
---------------+----------------------------+-----
Conjurations   | 1 2 3 4 5 |  5.0
Spellcasting   | 4 5 |  5.0
Fighting       | 2 3 5 8 9 |  9.7
Maces & Flails | 1 2 3 5 6 |  6.7
Dodging        | |  1.7
Stealth        | |  1.4
Summonings     | |  0.8
Translocations | |  0.8

Action                   |  1- 3 |  4- 6 |  7- 9 || total
-------------------------+-------+-------+-------++-------
Melee: Club              |    53 |       |       ||    53
       Whip              |    42 |    30 |       ||    72
       Short sword       |       |    82 |    65 ||   147
       Giant club        |       |       |   197 ||   197
 Cast: Magic Dart        |    13 |       |     8 ||    21
       Call Imp          |    11 |    29 |    31 ||    71
       Mephitic Cloud    |       |     2 |    12 ||    14
  Use: Scroll            |       |     9 |     9 ||    18
       Potion            |       |     6 |     4 ||    10
 Stab: Sleeping          |       |     6 |     1 ||     7
       Confused          |       |       |     3 ||     3
  Eat: Chunk             |     2 |     5 |     6 ||    13
       Ration            |       |     1 |     2 ||     3
Armor: Robe              |    42 |    40 |   102 ||   184
       Skin              |       |       |    27 ||    27
Dodge: Dodged            |    74 |    90 |   161 ||   325

Table legend:
 A = Spawn XP
 B = Non-spawn XP
 C = Spawn XP percentage of total XP
 D = Spawn monster count
 E = Non-spawn monster count
 F = Spawn count percentage of total count
 G = Total turns spent on level
                    A         B        C        D         E        F      G
               +---------+---------+-------+---------+---------+-------+---------
         Total |       0 |    3362 |   0.0 |       0 |     158 |   0.0 |  7821
               +---------+---------+-------+---------+---------+-------+---------
           D:1 |       0 |      71 |   0.0 |       0 |      33 |   0.0 |  1627
           D:2 |       0 |      76 |   0.0 |       0 |      28 |   0.0 |   944
           D:3 |       0 |     161 |   0.0 |       0 |      15 |   0.0 |   443
           D:4 |       0 |     514 |   0.0 |       0 |      18 |   0.0 |  1140
           D:5 |       0 |     471 |   0.0 |       0 |      14 |   0.0 |   882
           D:6 |       0 |    1106 |   0.0 |       0 |      22 |   0.0 |  1907
           D:7 |       0 |     963 |   0.0 |       0 |      28 |   0.0 |   823
               +---------+---------+-------+---------+---------+-------+---------
